Description

This build order is an aggressive opening. It's important to note that I didn't chrono the zealot because I saw the early scv and i knew that it was an ebay block (late expand for my oponnent).

Don't forget to go on a different way than the reaper with your zealot !

The VOD is in French.

VOD

https://youtu.be/-l0yl-DdqKI

Replay - italz v zuka - Automne céruléen EC

Build Order

Get SALT Encoding   

  12  0:00  Probe  
  13  0:13  Probe  
  14  0:18  Pylon  
  14  0:21  Probe  
  15  0:32  Probe  
  15  0:38  Gateway  
  16  0:42  Probe  
  16  0:47  Assimilator  
  17  0:53  Probe  
  18  1:01  Probe  
  18  1:09  Probe  
  20  1:21  Probe  
  21  1:26  Zealot  
  21  1:32  Cybernetics Core  
  23  1:39  Pylon  
  23  1:57  Probe  
  23  1:58  Stalker  
  26  2:15  Nexus  
  26  2:22  Assimilator  
  27  2:24  Warp Gate  
  28  2:32  Stalker  
  31  2:58  Pylon  
  31  3:01  Robotics Facility  
  32  3:31  Gateway x2  
  35  4:10  Immortal  
  36  4:22  Robotics Bay  
  41  4:29  Pylon  
  42  4:35  Stalker x2  
  49  4:46  Warp Prism  
  53  5:04  Assimilator x2  
  54  5:08  Gravitic Drive  
  54  5:12  Colossus  
  62  5:35  Pylon  
  62  5:55  Shield Battery  
  64  6:03  Extended Thermal Lance  
  64  6:04  Colossus  
  74  6:21  Stalker x2  
  77  6:28  Nexus  
  77  6:46  Colossus  
  86  7:20  Forge x2  
  86  7:26  Shield Battery  
  86  7:33  Immortal  
  86  7:34  Protoss Ground Weapons Level 1  
  88  7:37  Protoss Ground Armor Level 1  
  93  7:45  Stalker x3  
  101  7:53  Photon Cannon x2  
  103  8:07  Photon Cannon  
  106  8:13  Observer  
  109  8:29  Stalker  
  118  8:44  Twilight Council  
  118  8:46  Gateway x2  
  119  8:51  Gateway  
  119  8:55  Immortal  
  122  8:58  Assimilator x2  
  121  9:07  Zealot x3  
  132  9:12  Protoss Ground Armor Level 2, Protoss Ground Weapons Level 2  
  133  9:34  Observer  
  133  9:37  Charge, Templar Archives  
  134  9:47  Zealot x5  
  144  9:55  Observer  
Spawning Tool Build Advisor. Get it on Overwolf

Go to:

Details

  • Created by: zuka      
  • Published on: Aug 25, 2018
  • Modified on: Dec 20, 2018
  • Patch: 4.0.0
Show
View Real Time Build Order
Export as new Build Order

Comments (0)

There are no comments. Be the first!

Create an account to comment!